 Dungeon Crawl Stone Soup version 0.24-a0-235-g3f03afc (webtiles) character file.

Game seed: 8654996554562895584

2815 xeno23 the Covert (level 9, -3/53 HPs)
             Began as an Octopode Assassin on Apr 6, 2019.
             Was a Follower of Uskayaw.
             Slain by a gnoll shaman
             ... wielding a +0 halberd
              (16 damage)
             ... in a bailey.
             The game lasted 00:26:40 (6269 turns).

xeno23 the Covert (Octopode Assassin)               Turns: 6269, Time: 00:26:41

Health: -3/53      AC:  1    Str: 12    XL:     9   Next: 72%
Magic:  3/12       EV: 15    Int: 13    God:    Uskayaw [*.....]
Gold:   332        SH:  4    Dex: 16    Spells: 5/12 levels left

rFire    + + .     SeeInvis .   w - +7 dagger of Ococs {freeze, +Fly rPois rF+ rN+ Dex-5}
rCold    . . .     Gourm    .   h - +0 buckler
rNeg     + . .     Faith    +   (helmet restricted)
rPois    +         Spirit   .   q - amulet of faith
rElec    .         Reflect  .   u - +6 ring of dexterity
rCorr    .         Harm     .   (no ring)
MR       .....                  (no ring)
Stlth    +++.......             (no ring)
HPRegen  0.17/turn              (no ring)
MPRegen  0.13/turn              (no ring)
                                (no ring)
                                (no ring)

@: very slightly contaminated, glowing
A: almost no armour, stealthy swim, amphibious, 8 rings, constrict 8, camouflage
1, fire resistance 1, frail 1, gelatinous body 1
a: Stomp, Renounce Religion, Evoke Flight


You were in a bailey.
You worshipped Uskayaw.
Uskayaw was noncommittal.
You were hungry.

You visited 2 branches of the dungeon, and saw 8 of its levels.
You also visited: Bailey.

You collected 451 gold pieces.
You spent 119 gold pieces at shops.

Inventory:

Hand Weapons
 s - a +0 blowgun
 w - the +7 dagger of Ococs (weapon) {freeze, +Fly rPois rF+ rN+ Dex-5}
   (You bought it in a shop on level 4 of the Dungeon)

   It has been specially enchanted to freeze those struck by it, causing extra
   injury to most foes and up to half again as much damage against particularly
   susceptible opponents.
   It can also slow down cold-blooded creatures.
   It affects your dexterity (-5).
   It protects you from fire.
   It protects you from poison.
   It protects you from negative energy.
   It lets you fly.
Missiles
 d - a curare-tipped needle
 p - 5 throwing nets (quivered)
 x - 21 arrows
Armour
 h - a +0 buckler (worn)
Jewellery
 q - an amulet of faith (around mantle)
 u - a +6 ring of dexterity (left tentacle)
Wands
 n - a wand of acid (16)
Scrolls
 m - a scroll of enchant weapon
 o - 3 scrolls of remove curse
 r - a scroll of random uselessness
 y - 2 scrolls of amnesia
 z - a scroll of immolation
Potions
 a - a potion of curing
 b - 3 potions of heal wounds
 e - 3 potions of haste
 g - a potion of flight
 i - 4 potions of might
 j - 2 potions of lignification
 k - a potion of cancellation {unknown}
 l - a potion of agility {unknown}
 v - 2 potions of invisibility
Comestibles
 f - 12 rations
 t - a chunk of flesh


   Skills:
 + Level 4.4 Fighting
 * Level 6.3 Short Blades
 + Level 4.5 Throwing
 + Level 3.9 Dodging
 * Level 9.7 Stealth
 * Level 2.0 Shields
 + Level 2.4 Spellcasting
 * Level 3.8 Transmutations
 * Level 4.6 Evocations


You had 5 spell levels left.
You knew the following spells:

 Your Spells              Type           Power        Failure   Level  Hunger
a - Blade Hands           Tmut           ##........   87%         5    ######.
s - Sticks to Snakes      Tmut           ##......     10%         2    ###....

Your spell library contained the following spells:

 Spells                   Type           Power        Failure   Level  Hunger
 Beastly Appendage        Tmut           ##....       6%          1    #......
 Spider Form              Tmut/Pois      #.........   38%         3    ###....
 Ice Form                 Ice/Tmut       #.......     80%         4    #####..


Dungeon Overview and Level Annotations

Branches:
Dungeon (7/15)             Temple (1/1) D:4

Altars:
Ashenzari
Cheibriados
Dithmenos
Elyvilon
Fedhas
Gozag
Hepliaklqana
Kikubaaqudgha
Makhleb
Nemelex Xobeh
Okawaru
Qazlal
Ru
Sif Muna
Trog
Uskayaw
Vehumet
Wu Jian
Xom
Yredelemnul
Zin
The Shining One

Shops:
D:4 }(=

Annotations:
D:6 2 transporters, Borgoz's ghost, novice GrGl


Innate Abilities, Weirdness & Mutations

You cannot wear most types of armour.
You are very stealthy in the water. (Stealth+)
You are amphibious.
You can wear up to eight rings at the same time.
You can use your tentacles to constrict eight enemies at once.
Your skin changes colour to match your surroundings (Stealth+).
Your rubbery body absorbs attacks. (AC +1, EV +1)
Your flesh is heat resistant. (rF+)
You are frail. (-10% HP)


Message History

Your ball python bites the gnoll shaman but does no damage.
Your ball python constricts the gnoll shaman.
Your ball python bites the gnoll shaman but does no damage.
Your ball python constricts the gnoll shaman.
You block the gnoll shaman's attack.
You hit the gnoll shaman but do no damage.
The gnoll shaman is moderately wounded.
Your ball python bites the gnoll shaman but does no damage.
Your ball python constricts the gnoll shaman.
You hit the gnoll shaman but do no damage.
You squeeze the gnoll shaman.
The gnoll shaman is heavily wounded.
The gnoll shaman invokes the aid of its god against you.
You are outlined in light.
Your ball python bites the gnoll shaman but does no damage.
Your ball python constricts the gnoll shaman.
You hit the gnoll shaman but do no damage.
The gnoll shaman is heavily wounded.
The gnoll shaman hits you with a +0 halberd!
You die...

### ♣∩♣ ♣.♣ ♣♣.♣♣
♣♣♣♣.∩.♣♣
♣♣.......♣♣♣♣
♣♣♣.....)).)..♣♣♣
♣♣...............♣♣
♣♣≈≈≈≈≈≈≈...≈≈@≈≈≈≈♣♣
♣≈≈..........)gS..≈≈♣
♣≈.........(((.....≈♣
♣≈.######'''######.≈♣
♣≈.# #...# #.≈♣
♣≈#####+#...# ##≈♣
♣≈#.g.g #..)# #≈♣
♣≈#8((g ##'## #≈♣
♣≈#.gg.##...## #≈♣


You could see a gnoll shaman and a friendly ball python.

Vanquished Creatures
  Pikel (D:5)
  A hippogriff (D:3)
  A hornet zombie (D:6)
  An ice beast (D:7)
  2 phantoms
  2 sky beasts
  3 ogres
  A bullfrog (D:7)
  4 gnoll sergeants (Bailey)
  2 crimson imps
  A quasit (D:5)
  4 bullfrog zombies
  A jelly (D:3)
  6 hounds
  2 gnoll shamans (Bailey)
  An orc wizard (D:5)
  A bullfrog skeleton (D:6)
  3 iguanas
  A worker ant (D:5)
  A hound skeleton (D:5)
  A howler monkey skeleton (D:6)
  A worker ant zombie (D:7)
  18 gnolls
  6 adders
  2 oozes
  An adder zombie (D:6)
  An adder skeleton (D:5)
  3 worms
  3 dart slugs
  8 leopard geckos
  2 orcs (D:5)
  5 giant cockroaches
  9 goblins
  10 hobgoblins
  10 jackals
  6 kobolds
  4 quokkas
  A ball python (D:6)
  13 bats
  4 frilled lizards (D:1)
  7 rats
154 creatures vanquished.

Vanquished Creatures (others)
  A hound skeleton (D:5)
  A worm (D:5)
2 creatures vanquished.

Grand Total: 156 creatures vanquished

Notes
Turn   | Place    | Note
-------+----------+-------------------------------------------
     0 | D:1      | xeno23 the Octopode Assassin began the quest for the Orb.
     0 | D:1      | Reached XP level 1. HP: 14/14 MP: 1/1
    37 | D:1      | Reached XP level 2. HP: 7/19 MP: 2/2
   606 | D:1      | Reached XP level 3. HP: 16/24 MP: 3/3
  1002 | D:2      | Reached skill level 6 in Stealth
  1017 | D:2      | Reached XP level 4. HP: 20/30 MP: 4/4
  1718 | D:3      | Found a shadowy altar of Dithmenos.
  1720 | D:3      | Found a blossoming altar of Fedhas.
  1720 | D:3      | Found a bloodstained altar of Trog.
  1738 | D:3      | Found a shattered altar of Ashenzari.
  1738 | D:3      | Found an ancient bone altar of Kikubaaqudgha.
  1814 | D:3      | Reached XP level 5. HP: 35/35 MP: 1/5
  1847 | D:3      | Noticed a hippogriff
  1891 | D:3      | Killed a hippogriff
  1891 | D:3      | Reached skill level 7 in Stealth
  1891 | D:3      | Reached XP level 6. HP: 34/42 MP: 4/6
  2624 | D:4      | Found a basalt altar of Yredelemnul.
  2635 | D:4      | Reached skill level 1 in Evocations
  2635 | D:4      | Reached XP level 7. HP: 27/46 MP: 2/7
  2784 | D:4      | Found Zeni's Jewellery Emporium.
  2873 | D:4      | Learned a level 5 spell: Blade Hands
  3034 | D:4      | Found Qawnio's Antique Weapon Shoppe.
  3035 | D:4      | Found a staircase to the Ecumenical Temple.
  3043 | Temple   | Entered the Ecumenical Temple
  3219 | Temple   | Became a worshipper of Uskayaw the Reveler
  3267 | D:4      | Bought an encrusted dagger for 119 gold pieces
  3268 | D:4      | Identified the +7 dagger of Ococs {freeze, +Fly rPois rF+
                  | rN+ Dex-5} (You bought it in a shop on level 4 of the
                  | Dungeon)
  3285 | D:4      | Reached * piety under Uskayaw
  3287 | D:4      | Reached ** piety under Uskayaw
  3339 | D:4      | Found Ritiah's Gadget Shoppe.
  3390 | D:4      | Found a basalt altar of Yredelemnul.
  3505 | D:4      | Found a shadowy altar of Dithmenos.
  3729 | D:4      | Reached *** piety under Uskayaw
  3759 | D:5      | Entered Level 5 of the Dungeon
  3812 | D:5      | Reached skill level 8 in Stealth
  3812 | D:5      | Reached skill level 1 in Transmutations
  3879 | D:5      | Reached XP level 8. HP: 46/52 MP: 9/9
  3970 | D:5      | Reached skill level 5 in Short Blades
  3970 | D:5      | Reached **** piety under Uskayaw
  4269 | D:5      | Reached skill level 1 in Spellcasting
  4458 | D:5      | Noticed Pikel
  4480 | D:5      | Killed Pikel
  4517 | D:5      | Gained mutation: You are frail. (-10% HP) [potion of
                  | mutation]
  4517 | D:5      | Gained mutation: Your flesh is heat resistant. (rF+)
                  | [potion of mutation]
  4575 | D:5      | Reached skill level 9 in Stealth
  4575 | D:5      | Reached XP level 9. HP: 46/52 MP: 10/12
  5067 | D:6      | Noticed Borgoz's ghost (novice GrGl)
  5068 | D:6      | Found a transporter.
  5068 | D:6      | Identified the cursed +0 dire flail of the Skies Above
                  | {speed, rF+ Int+2}
  5069 | D:6      | Found a transporter.
  5573 | D:6      | Reached skill level 1 in Shields
  5799 | D:7      | Found a flagged portal.
  5816 | Bailey   | Entered a bailey
  6221 | Bailey   | Learned a level 2 spell: Sticks to Snakes
  6269 | Bailey   | Slain by a gnoll shaman

Levels and vault maps discovered:
D:1:      zelgadis_glass_arrival_small, layout_rooms
D:2:      layout_rooms
D:3:      layout_loops_corners, gammafunk_temple_overflow_forgotten,
          nicolae_overflow_hidden_temple
D:4:      layout_loops_ring, yredelemnul_altar_generic,
          minmay_temple_entry_overgrown, serial_shops, shop_coins,
          shop_fountains, shop_coins, kennysheep_flooded_box,
          grunt_dithmenos_shadows
D:5:      minmay_chambers_of_fours, layout_basic, first_ration, uniq_pikel
D:6:      layout_loops_ring, gammafunk_ghost_smash, kennysheep_small_square
D:7:      layout_basic, enter_ossuary_1, enter_bailey_6, grunt_livestock,
          hangedman_glass_teeth
Temple:   regret_index_temple_sphere_string
Bailey:   bailey_polearm_gnolls_kennysheep, bailey

Skill      XL: |  1  2  3  4  5  6  7  8  9 |
---------------+----------------------------+-----
Stealth        | 6 7 8 9 |  9.7
Short Blades   | 3 4 5 6 |  6.3
Fighting       | 3 4 |  4.4
Throwing       | 3 4 |  4.5
Dodging        | 2 3 |  3.9
Evocations     | 1 2 3 4 |  4.6
Transmutations | 1 2 3 |  3.8
Spellcasting   | 2 |  2.4
Shields        | 2 |  2.0

Action                   |  1- 3 |  4- 6 |  7- 9 || total
-------------------------+-------+-------+-------++-------
Melee: Dagger            |    82 |    96 |   166 ||   344
       Constrict         |    17 |    20 |    32 ||    69
       Tentacles         |    10 |    19 |    32 ||    61
       Short sword       |       |       |    14 ||    14
 Fire: Blowgun           |       |    11 |    32 ||    43
 Cast: Sticks to Snakes  |       |       |     5 ||     5
Evoke: Wand              |       |       |     1 ||     1
  Use: Scroll            |       |       |    15 ||    15
       Potion            |       |       |     1 ||     1
 Stab: Sleeping          |    14 |    14 |    23 ||    51
       Paralysed         |       |       |     6 ||     6
  Eat: Chunk             |       |     5 |     8 ||    13
       Ration            |       |       |     1 ||     1
Armor: Skin              |     2 |     2 |     7 ||    11
Dodge: Dodged            |    43 |    57 |    96 ||   196
Block: Buckler           |       |       |    12 ||    12

Table legend:
 A = Non-vault XP
 B = Vault XP
 C = Vault XP percentage of total XP
 D = Non-vault monster count
 E = Vault monster count
 F = Vault count percentage of total count
                 A         B        C        D         E       F
            +---------+---------+-------+---------+---------+-------
      Total |    2402 |    1620 |  40.3 |     129 |      25 |  16.2
            +---------+---------+-------+---------+---------+-------
        D:1 |      51 |       0 |   0.0 |      29 |       0 |   0.0
        D:2 |      97 |       0 |   0.0 |      26 |       0 |   0.0
        D:3 |     437 |       0 |   0.0 |      26 |       0 |   0.0
        D:4 |     295 |     127 |  30.1 |       8 |       1 |  11.1
        D:5 |     686 |     845 |  55.2 |      22 |       5 |  18.5
        D:6 |     504 |       6 |   1.2 |      12 |       1 |   7.7
        D:7 |     332 |       0 |   0.0 |       6 |       0 |   0.0
     Bailey |       0 |     642 | 100.0 |       0 |      18 | 100.0
            +---------+---------+-------+---------+---------+-------
